3A
NIAGARA FALLS EXPOS @ KENNESAW JETS
07/28/2020
 
TOP OF THE 1ST
Niagara Falls Expos batting - Pitching for Kennesaw Jets : RHP Claudio Díaz
Pitching: RHP Claudio Díaz
Batting: RHB Michael Peterson 0-0: Foul Ball, location: 2F
0-1: Ball
1-1: Ball
2-1: Foul Ball, location: 2F
2-2: Strikes out swinging
Batting: RHB Fred Meyer 0-0: Ball
1-0: Ball
2-0: Ball
3-0: Foul Ball, location: 2F
3-1: Base on Balls
Batting: RHB Chuck Wolf 0-0: SINGLE (Line Drive, 78M)
Fred Meyer to second
Batting: RHB Bennett Bates 0-0: Ball
1-0: Called Strike
1-1: Grounds into double play, 6-4-3 (Groundball, 6)
Top of the 1st over - 0 run(s), 1 hit(s), 0 error(s), 1 left on base; Niagara Falls 0 - Kennesaw 0
BOTTOM OF THE 1ST
Kennesaw Jets batting - Pitching for Niagara Falls Expos : LHP Cristóbal Méndez
Pitching: LHP Cristóbal Méndez
Batting: RHB Raúl Guerrero 0-0: Fly out, F8 (Flyball, 8LM)
Batting: RHB Jorge Rivera 0-0: Foul Ball, location: 2F
0-1: Fly out, F6 (Popup, 6M)
Batting: RHB Artie Miller 0-0: Ground out 5-3 (Groundball, 56)
Bottom of the 1st over - 0 run(s), 0 hit(s), 0 error(s), 0 left on base; Niagara Falls 0 - Kennesaw 0
TOP OF THE 2ND
Niagara Falls Expos batting - Pitching for Kennesaw Jets : RHP Claudio Díaz
Batting: SHB Janghyun Sam 0-0: Ball
1-0: Swinging Strike
1-1: Ball
2-1: Foul Ball, location: 2F
2-2: Ball
3-2: Strikes out swinging
Batting: RHB Carl Bryant 0-0: Ball
1-0: Ball
2-0: Called Strike
2-1: Foul Ball, location: 2F
2-2: Foul Ball, location: 2F
2-2: Fly out, F8 (Flyball, 8RM)
Batting: RHB Tony Martínez 0-0: Reached on error, E5 (Groundball, 5L)
Batting: LHB Rob Wilson 0-0: Ball
Wild Pitch!
Tony Martínez to second
1-0: Ball
2-0: Ball
Wild Pitch!
Tony Martínez to third
3-0: Base on Balls
Batting: RHB Sean MacKnight 0-0: Ball
Single, Error in OF, E7, batter to second base
Tony Martínez scores
Rob Wilson to third
Batting: RHB Michael Peterson 0-0: Ball
1-0: Ground out 5-3 (Groundball, 5S)
Top of the 2nd over - 1 run(s), 1 hit(s), 2 error(s), 2 left on base; Niagara Falls 1 - Kennesaw 0
BOTTOM OF THE 2ND
Kennesaw Jets batting - Pitching for Niagara Falls Expos : LHP Cristóbal Méndez
Batting: RHB Jim Unknown 0-0: Fly out, F9 (Flyball, 9S)
Batting: RHB José Ramos 0-0: Ball
1-0: Called Strike
1-1: Called Strike
1-2: Strikes out swinging
Batting: RHB Andrés Sánchez 0-0: Fly out, F8 (Flyball, 8LM)
Bottom of the 2nd over - 0 run(s), 0 hit(s), 0 error(s), 0 left on base; Niagara Falls 1 - Kennesaw 0
TOP OF THE 3RD
Niagara Falls Expos batting - Pitching for Kennesaw Jets : RHP Claudio Díaz
Batting: RHB Fred Meyer 0-0: Ground out 6-3 (Groundball, 6)
Batting: RHB Chuck Wolf 0-0: Ball
1-0: Swinging Strike
1-1: Fly out, F4 (Line Drive, 4M)
Batting: RHB Bennett Bates 0-0: SINGLE (Line Drive, 8RS)
Batting: SHB Janghyun Sam 0-0: Called Strike
0-1: Ground out 3-1 (Groundball, 34)
Top of the 3rd over - 0 run(s), 1 hit(s), 0 error(s), 1 left on base; Niagara Falls 1 - Kennesaw 0
BOTTOM OF THE 3RD
Kennesaw Jets batting - Pitching for Niagara Falls Expos : LHP Cristóbal Méndez
Batting: RHB Miguel Angel González 0-0: Foul Ball, location: 2F
0-1: Called Strike
0-2: Foul Ball, location: 2F
0-2: Ball
1-2: Foul Ball, location: 2F
1-2: Foul Ball, location: 2F
1-2: Ball
2-2: Foul Ball, location: 2F
2-2: Foul Ball, location: 2F
2-2: Foul Ball, location: 2F
2-2: Ground out 4-3 (Groundball, 4)
Batting: LHB Jim Unknown 0-0: Called Strike
0-1: Foul Ball, location: 2F
0-2: Strikes out looking
Batting: LHB Jim Unknown 0-0: DOUBLE (Flyball, 7LD)
Batting: RHB Raúl Guerrero 0-0: Ball
1-0: Ball
2-0: Fly out, F7 (Flyball, 78M)
Bottom of the 3rd over - 0 run(s), 1 hit(s), 0 error(s), 1 left on base; Niagara Falls 1 - Kennesaw 0
TOP OF THE 4TH
Niagara Falls Expos batting - Pitching for Kennesaw Jets : RHP Claudio Díaz
Batting: RHB Carl Bryant 0-0: Ground out U3 (Groundball, 3S)
Batting: RHB Tony Martínez 0-0: Called Strike
0-1: Ball
1-1: Foul Ball, location: 2F
1-2: Foul Ball, location: 2F
1-2: Fly out, F9 (Flyball, 9LM)
Batting: LHB Rob Wilson 0-0: Ball
1-0: Fly out, F8 (Flyball, 8RM)
Top of the 4th over - 0 run(s), 0 hit(s), 0 error(s), 0 left on base; Niagara Falls 1 - Kennesaw 0
BOTTOM OF THE 4TH
Kennesaw Jets batting - Pitching for Niagara Falls Expos : LHP Cristóbal Méndez
Batting: RHB Jorge Rivera 0-0: Ball
1-0: Fly out, F4 (Popup, 34D)
Batting: RHB Artie Miller 0-0: Called Strike
0-1: Swinging Strike
0-2: Ball
1-2: Ball
2-2: Strikes out looking
Batting: RHB Jim Unknown 0-0: Ball
1-0: Ball
2-0: Ball
3-0: Called Strike
3-1: Called Strike
3-2: Base on Balls
Batting: RHB José Ramos 0-0: Ball
1-0: Foul Ball, location: 2F
1-1: Fly out, F9 (Flyball, 9D)
Bottom of the 4th over - 0 run(s), 0 hit(s), 0 error(s), 1 left on base; Niagara Falls 1 - Kennesaw 0
TOP OF THE 5TH
Niagara Falls Expos batting - Pitching for Kennesaw Jets : RHP Claudio Díaz
Batting: RHB Sean MacKnight 0-0: Foul Ball, location: 2F
0-1: SINGLE (Line Drive, 78M)
Batting: RHB Michael Peterson 0-0: Sac Bunt - play at first, batter OUT! 3-4
Sean MacKnight to second
Batting: RHB Fred Meyer 0-0: Intentional Walk
Batting: RHB Chuck Wolf 0-0: Called Strike
0-1: Swinging Strike
0-2: Ball
1-2: Ball
2-2: Strikes out swinging
Batting: RHB Bennett Bates 0-0: Reached on error, E5 (Groundball, 5S)
Sean MacKnight to third
Fred Meyer to second
Batting: SHB Janghyun Sam 0-0: Ground out U3 (Groundball, 3)
Top of the 5th over - 0 run(s), 1 hit(s), 1 error(s), 3 left on base; Niagara Falls 1 - Kennesaw 0
BOTTOM OF THE 5TH
Kennesaw Jets batting - Pitching for Niagara Falls Expos : LHP Cristóbal Méndez
Batting: RHB Andrés Sánchez 0-0: Ball
1-0: Called Strike
1-1: Fly out, F8 (Flyball, 8LM)
Batting: RHB Miguel Angel González 0-0: Ball
1-0: Ball
2-0: Foul Ball, location: 2F
2-1: Foul Ball, location: 2F
2-2: Fly out, F8 (Flyball, 8RM)
Batting: LHB Jim Unknown 0-0: Ground out 1-3 (Groundball, 23)
Bottom of the 5th over - 0 run(s), 0 hit(s), 0 error(s), 0 left on base; Niagara Falls 1 - Kennesaw 0
TOP OF THE 6TH
Niagara Falls Expos batting - Pitching for Kennesaw Jets : RHP Claudio Díaz
Batting: RHB Carl Bryant 0-0: Ball
1-0: Foul Ball, location: 2F
1-1: Called Strike
1-2: Ball
2-2: Foul Ball, location: 2F
2-2: Strikes out swinging
Batting: RHB Tony Martínez 0-0: Ball
1-0: Ball
2-0: Called Strike
2-1: Foul Ball, location: 2F
2-2: Ground out 5-3 (Groundball, 56)
Batting: LHB Rob Wilson 0-0: Ball
1-0: Ball
2-0: Ball
3-0: Called Strike
3-1: Base on Balls
Batting: RHB Sean MacKnight 0-0: Ball
1-0: Ball
2-0: Foul Ball, location: 2F
2-1: Fielders Choice at 2nd, 6-4 (Groundball, 6)
Top of the 6th over - 0 run(s), 0 hit(s), 0 error(s), 0 left on base; Niagara Falls 1 - Kennesaw 0
BOTTOM OF THE 6TH
Kennesaw Jets batting - Pitching for Niagara Falls Expos : LHP Cristóbal Méndez
Batting: LHB Jim Unknown 0-0: Ball
1-0: Ball
2-0: Called Strike
2-1: Foul Ball, location: 2F
2-2: Foul Ball, location: 2F
2-2: Foul Ball, location: 2F
2-2: Ball
3-2: Base on Balls
Batting: RHB Raúl Guerrero 0-0: Ball
1-0: Sac Bunt - play at first, batter OUT! 1-4
Jim Unknown to second
Batting: RHB Jorge Rivera 0-0: Called Strike
0-1: Ball
1-1: Ground out 6-3 (Groundball, 6)
Batting: RHB Artie Miller 0-0: Ground out 6-3 (Groundball, 6)
Bottom of the 6th over - 0 run(s), 0 hit(s), 0 error(s), 1 left on base; Niagara Falls 1 - Kennesaw 0
TOP OF THE 7TH
Niagara Falls Expos batting - Pitching for Kennesaw Jets : RHP Claudio Díaz
Batting: RHB Michael Peterson 0-0: Ball
1-0: Fly out, F9 (Flyball, 89S)
Batting: RHB Fred Meyer 0-0: Called Strike
0-1: Ball
1-1: Ball
2-1: Ball
3-1: Swinging Strike
3-2: Foul Ball, location: 2F
3-2: Base on Balls
Batting: RHB Chuck Wolf 0-0: Fly out, F9 (Flyball, 9LS)
Pinch Hitting: SHB Javier Zumaya 0-0: Ball
Fred Meyer steals 2nd base
1-0: Foul Ball, location: 2F
1-1: Ball
2-1: Called Strike
2-2: Ball
3-2: Base on Balls
Batting: SHB Janghyun Sam 0-0: Called Strike
0-1: Foul Ball, location: 2F
0-2: Strikes out looking
Top of the 7th over - 0 run(s), 0 hit(s), 0 error(s), 2 left on base; Niagara Falls 1 - Kennesaw 0
BOTTOM OF THE 7TH
Kennesaw Jets batting - Pitching for Niagara Falls Expos : LHP Cristóbal Méndez
Now at 3B: Mariano Ramírez
Batting: RHB Jim Unknown 0-0: DOUBLE (Flyball, 8RXD)
Batting: RHB José Ramos 0-0: Ball
1-0: Foul Ball, location: 2F
1-1: Foul Ball, location: 2F
1-2: Ball
2-2: Foul Ball, location: 2F
2-2: SINGLE (Line Drive, 78S)
Jim Unknown to third
Runner from 3rd tries for Home, SAFE, throw made home
José Ramos to second
Batting: RHB Andrés Sánchez 0-0: Intentional Walk
Pinch Hitting: RHB Jim Unknown 0-0: Called Strike
0-1: Foul Ball, location: 2F
0-2: Foul Ball, location: 2F
0-2: Ball
1-2: Ball
2-2: Foul Ball, location: 2F
2-2: Fly out, F5 (Line Drive, 56)
Batting: LHB Jim Unknown 0-0: Called Strike
0-1: 3-RUN HOME RUN (Flyball, 89XD), Distance : 378 ft
Batting: LHB Jim Unknown 0-0: Ball
1-0: Called Strike
1-1: Foul Ball, location: 2F
1-2: Ground out 1-4-3 (Groundball, 15S)
Batting: RHB Raúl Guerrero 0-0: Ground out 4-3 (Groundball, 4MS)
Bottom of the 7th over - 4 run(s), 3 hit(s), 0 error(s), 0 left on base; Niagara Falls 1 - Kennesaw 4
TOP OF THE 8TH
Niagara Falls Expos batting - Pitching for Kennesaw Jets : RHP Claudio Díaz
Now at 2B: Jim Unknown
Batting: RHB Carl Bryant 0-0: Called Strike
0-1: Called Strike
0-2: Strikes out swinging
Batting: RHB Tony Martínez 0-0: Called Strike
0-1: Ground out 2-3 (Groundball, 25)
Batting: LHB Rob Wilson 0-0: Ball
1-0: Ball
2-0: Ball
3-0: Base on Balls
Batting: RHB Sean MacKnight 0-0: Ball
1-0: Called Strike
1-1: Called Strike
1-2: Foul Ball, location: 2F
1-2: Ball
2-2: Strikes out swinging
Top of the 8th over - 0 run(s), 0 hit(s), 0 error(s), 1 left on base; Niagara Falls 1 - Kennesaw 4
BOTTOM OF THE 8TH
Kennesaw Jets batting - Pitching for Niagara Falls Expos : LHP Cristóbal Méndez
Batting: RHB Jorge Rivera 0-0: Called Strike
0-1: Foul Ball, location: 2F
0-2: Strikes out swinging
Batting: RHB Artie Miller 0-0: Ball
1-0: Swinging Strike
1-1: Ground out 6-3 (Groundball, 6)
Batting: RHB Jim Unknown 0-0: Ball
1-0: Swinging Strike
1-1: Swinging Strike
1-2: Strikes out swinging
Bottom of the 8th over - 0 run(s), 0 hit(s), 0 error(s), 0 left on base; Niagara Falls 1 - Kennesaw 4
TOP OF THE 9TH
Niagara Falls Expos batting - Pitching for Kennesaw Jets : RHP Claudio Díaz
Batting: RHB Michael Peterson 0-0: Called Strike
0-1: Ground out 5-3 (Groundball, 5)
Batting: RHB Fred Meyer 0-0: Called Strike
0-1: Ball
1-1: Ball
2-1: Ground out U3 (Groundball, 3)
Pitching: RHP Ángel Rivera
Batting: RHB Chuck Wolf 0-0: Foul Ball, location: 2F
0-1: Foul Ball, location: 2F
0-2: Foul Ball, location: 2F
0-2: Strikes out swinging
Top of the 9th over - 0 run(s), 0 hit(s), 0 error(s), 0 left on base; Niagara Falls 1 - Kennesaw 4
This league is powered by Out of the Park Baseball, the baseball management simulation game for PC, Mac and Linux
Friday, October 23rd, 2015 - OOTP Baseball 16.9 Build 39